AoeStats
← Jan Itor

Pilgrims

509328690Analyzed
4v4 RM · 7d ago on Sep 26, 2026· 17m 59s· 8 players
Game mode
Random Map
Map size
Large (8 player)
Population
200
Speed
Normal
Resources
Standard
Victory
Conquest
Starting age
Dark Age
Ending age
Imperial Age
RankedLock teamsTeams togetherTeam positionsShared explorationLock speedFull tech treeHidden civsTurbo modeCheats
Victory
Defeat
🇳🇱 Tatars · Netherlands
1602
+22
🇹🇼 Khitans · Taiwan
1596
+22
🇹🇼 Saracens · Taiwan
1562
+24
🇳🇱 Japanese · Netherlands
1474
+26
🇩🇪 Spanish · Germany
1847
-27
1778
-25
🇪🇸 Persians · Spain
1726
-23
🇫🇷 Chinese · France
1609
-19
Bread Pudding With Bum Sauce
9:01 Feudal Age
13:29 Castle Age
11:32 Double-Bit Axe
12:31 Loom
12:31 Town Watch
18:46 Bow Saw
Koti
4:28 Loom
11:56 Feudal Age
12:39 Fishing Lines
16:50 Castle Age
16:10 Double-Bit Axe
17:25 Scale Barding Armor
(PNG)Ludovicum95
5:10 Loom
7:36 Feudal Age
11:14 Town Watch
12:49 Double-Bit Axe
18:13 Fletching
Jan Itor
3:49 Loom
13:06 Feudal Age
16:40 Castle Age
14:54 Fletching
15:56 Double-Bit Axe
17:33 Medium Warships
17:29 Bodkin Arrow
17:44 Bow Saw
Arie
9:15 Loom
11:50 Feudal Age
12:17 Double-Bit Axe
16:06 Castle Age
14:20 Horse Collar
17:11 Bow Saw
18:22 Scale Barding Armor
18:27 Forging
Rien
7:41 Loom
12:14 Feudal Age
12:53 Fishing Lines
13:39 Double-Bit Axe
16:03 Castle Age
15:42 Fletching
16:03 Gold Mining
17:17 Medium Warships
18:52 Wheelbarrow
好奇小牛
3:21 Loom
11:43 Feudal Age
12:28 Fishing Lines
15:57 Castle Age
14:46 Double-Bit Axe
18:29 Bow Saw
yclin124
11:03 Feudal Age
11:15 Man-at-Arms
16:48 Double-Bit Axe
17:19 Fishing Lines
18:06 Loom
Connection lost

Rejoining the realm…

Still unreachable

The connection could not be restored.

Session expired

The server has moved on; the page needs a fresh start.